 Dungeon Crawl Stone Soup version 0.32-a0-18-g89e19f1974 (webtiles) character file.

Game seed: 4024589979454859191

12578 jasper the Nimble (level 11, -1/72 HPs)
             Began as a Deep Elf Cinder Acolyte on Jan 16, 2024.
             Was a Follower of Ignis.
             Slain by a large slime creature (25 damage)
             ... on level 12 of the Dungeon.
             The game lasted 00:26:22 (16139 turns).

jasper the Nimble (Deep Elf Cinder Acolyte)        Turns: 16139, Time: 00:26:23

Health: -1/72      AC: 19    Str: 11    XL:     11   Next: 64%
Magic:  5/22       EV: 15    Int: 30    God:    Ignis [*.....]
Gold:   247        SH: 10    Dex: 16    Spells: 3/22 levels left

rFire   + . .        q - +0 flail (protect)
rCold   . . .        H - +0 kite shield
rNeg    + . .        E - +1 troll leather armour
rPois   .            y - +2 helmet
rElec   +            j - +0 cloak
rCorr   .            I - +2 pair of gloves of the Ecumenical Temple {rElec rN+ Will+}
SInv    .            w - +0 pair of boots
Will    ++...        (no amulet)
Stlth   +            M - +6 ring of intelligence
HPRegen 1.12/turn    P - +6 ring of dexterity
MPRegen 0.18/turn

%: no passive effects
@: fiery-armoured
A: no striking features
a: Renounce Religion, Fiery Armour, Foxfire Swarm, Rising Flame


You were on level 12 of the Dungeon.
You worshipped Ignis.
Ignis was aware of your devotion.
You visited 1 branch of the dungeon, and saw 12 of its levels.

You collected 995 gold pieces.
You spent 748 gold pieces at shops.

Inventory:

Hand Weapons
 a - a -1 spear of flaming
 i - a +5 quarterstaff of freezing
 q - a +0 flail of protection (weapon)
Missiles
 c - 157 stones
 g - 35 poisoned darts
 G - 6 curare-tipped darts
Armour
 b - a +0 robe
 j - a +0 cloak (worn)
 m - a +0 pair of gloves
 t - a +0 helmet
 w - a +0 pair of boots (worn)
 y - a +2 helmet (worn)
 E - a +1 troll leather armour (worn)
 H - a +0 kite shield (worn)
 I - the +2 pair of gloves of the Ecumenical Temple (worn) {rElec rN+ Will+}
   (You found it on level 8 of the Dungeon)

   rElec:     It insulates you from electricity.
   rN+:       It protects you from negative energy.
   Will+:     It increases your willpower.
Magical Staves
 x - a staff of cold
Jewellery
 M - a +6 ring of intelligence (left hand)
 P - a +6 ring of dexterity (right hand)
Wands
 e - a wand of charming (25)
 k - a wand of mindburst (14)
 D - a wand of flame (5)
Scrolls
 d - 3 scrolls of revelation
 p - 4 scrolls of vulnerability
 C - 2 scrolls of immolation
 K - a scroll of fog
 L - 2 scrolls of brand weapon
 N - a scroll of teleportation
 Q - a scroll of summoning
 R - 2 scrolls of noise
 S - 2 scrolls of poison
Potions
 f - a potion of cancellation
 h - 2 potions of degeneration
 l - 2 potions of ambrosia
 n - a potion of might
 o - 3 potions of brilliance
 r - a potion of haste
 s - a potion of mutation
 z - 3 potions of curing
 A - a potion of lignification
 B - 3 potions of enlightenment {unknown}
 F - a potion of attraction {unknown}
 J - a potion of invisibility {unknown}
 O - a potion of berserk rage {unknown}


   Skills:
 - Level 10.0 Fighting
 - Level 2.1 Polearms
 - Level 10.0 Dodging
 + Level 5.0 Shields
 - Level 6.2 Spellcasting
 - Level 2.4 Conjurations
 - Level 2.0 Necromancy
 - Level 9.0 Translocations
 - Level 4.1 Fire Magic
 - Level 2.1 Air Magic
 - Level 2.4 Alchemy


You had 3 spell levels left.
You knew the following spells:

 Your Spells              Type           Power      Damage    Failure   Level
a - Scorch                Fire           68%        2d7       7%          2
b - Sublimation of Blood  Necr           21%        N/A       17%         2
c - Gell's Gravitas       Tloc           59%        N/A       1%          3
d - Teleport Other        Tloc           59%        N/A       1%          3
e - Mephitic Cloud        Conj/Alch/Air  23%        N/A       30%         3
f - Blink                 Tloc           100%       N/A       1%          2
g - Apportation           Tloc           100%       N/A       1%          1
h - Swiftness             Air            22%        N/A       30%         3

Your spell library contained the following spells:

 Spells                   Type           Power      Damage    Failure   Level
 Lesser Beckoning         Tloc           100%       N/A       1%          2
 Momentum Strike          Conj/Tloc      86%        3d10      3%          2
 Slow                     Hex            36%        N/A       26%         1
 Vampiric Draining        Necr           21%        2d7       34%         3
 Ensorcelled Hibernation  Hex/Ice        18%        N/A       36%         2
 Jinxbite                 Hex            18%        N/A       36%         2
 Dazzling Flash           Conj/Hex       32%        N/A       43%         3
 Confusing Touch          Hex            9%         N/A       61%         3
 Passwall                 Erth           9%         N/A       61%         3
 Sigil of Binding         Hex            9%         N/A       61%         3
 Petrify                  Alch/Erth      16%        N/A       83%         4
 Alistair's Intoxication  Alch           15%        N/A       95%         5
 Irradiate                Conj/Alch      11%        3d15      95%         5
 Curse of Agony           Necr           21%        N/A       97%         5
 Silence                  Hex/Air        7%         N/A       99%         5


Dungeon Overview and Level Annotations

Branches:
Dungeon (12/15)            Temple (0/1) D:7            Lair (0/5) D:8
    Orc: D:9-12

Altars:
Ashenzari
Cheibriados
Dithmenos
Kikubaaqudgha
Makhleb
Nemelex Xobeh
Okawaru
Qazlal
Ru
Vehumet
Wu Jian

Shops:
D:1 =   D:3 *([   D:11 [

Annotations:
D:7 2 transporters
D:8 3 runed translucent doors, avangion's ghost, novice DECj


Message History

You now have 5/22 mp.
Casting: Scorch (safe; 7% risk of failure)
Press: ? - help, Q - select action, (/) - cycle Dir - look around, f - activate Flames lash the large slime creature.
The large slime creature is burned terribly!
The large slime creature is severely wounded.
The large slime creature hits you.
You take 3 damage, and have 47/72 hp.
You now have 4/22 mp.
Aiming: Corrosive Bolt
Press: ? - help, Shift-Dir - straight line, f - large slime creature
Aim: a large slime creature (severely wounded, more vulnerable to fire, 94% to hit)
The bolt of acid hits the large slime creature!
The acid corrodes the large slime creature!
The large slime creature is almost dead.
The bolt of acid hits the two-headed ogre!
The acid corrodes the two-headed ogre!
The two-headed ogre is lightly wounded.
The now-empty wand crumbles to dust.
You block the large slime creature's attack.
A protective cloak of flame settles atop you.
The large slime creature misses you.
You regained 2 hp, and now have 50/72 hp.
You hit the large slime creature.
Your weapon exudes an aura of protection.
The large slime creature is almost dead.
You block the large slime creature's attack.
The large slime creature barely misses you.
You barely miss the large slime creature.
The large slime creature is almost dead.
You block the large slime creature's attack.
The large slime creature hits you!!
The large slime creature is burned terribly!
The large slime creature is burned by your cloak of flames.
The large slime creature is almost dead.
You take 29 damage, and have 22/72 hp.
MASSIVE DAMAGE!!
You barely miss the large slime creature.
The large slime creature is almost dead.
The two-headed ogre is no longer covered in acid.
The large slime creature hits you!!
You die...

########
##@.....##
##J#####..#
#.O# ##..#
........##
##..##
#.J....##
##.###
##..### #.##
### #. #(#
###.# #
#.#######..##
#.##.....)##


You could see a large slime creature (combustible, corroded) and a two-headed
ogre.

Vanquished Creatures
  A boulder beetle (D:11)
  Amaemon (D:8)
  3 cyclopes
  A gargoyle (D:12)
  An orange demon (D:8)
  2 kobold demonologists (D:11)
  Psyche (D:9)
  5 trolls
  Prince Ribbit (D:8)
  Grinder (D:5)
  A slime creature (D:12)
  2 ynoxinuls (D:9)
  10 yaks
  A wraith (D:10)
  A vampire (D:12)
  2 wyverns
  2 vampire mosquitoes (D:12)
  Edmund (D:4)
  A water moccasin (D:5)
  A black bear (D:5)
  A sky beast (D:8)
  2 orc warriors
  2 ogres
  4 wolves (D:8)
  4 centaurs
  7 kobold brigands
  2 bullfrogs (D:6)
  Blork the orc (D:5)
  A gnoll sergeant (D:8)
  12 wights
  9 killer bees (D:9)
  4 electric eels (D:8)
  4 howler monkeys
  3 bombardier beetles
  6 orc priests
  2 jellies (D:7)
  A gnoll bouda (D:7)
  Crazy Yiuf (D:2)
  6 hounds
  Ijyb (D:5)
  Terence (D:2)
  3 iguanas
  11 orc wizards
  8 gnolls
  7 adders
  5 white imps
  12 ufetubi
  4 dart slugs
  3 ribbon worms
  29 orcs
  9 ball pythons
  7 bats
  5 endoplasms
  4 giant cockroaches
  4 hobgoblins
  2 jackals (D:3)
  27 kobolds
  5 quokkas
  4 frilled lizards
  8 goblins
  11 rats
281 creatures vanquished.

Vanquished Creatures (collateral kills)
  A scorpion (D:6)
  A bombardier beetle (D:6)
  An orc (D:6)
3 creatures vanquished.

Vanquished Creatures (others)
  An orc priest (D:6)
  An orc (D:8)
2 creatures vanquished.

Grand Total: 286 creatures vanquished

Notes
Turn   | Place    | Note
-------+----------+-------------------------------------------
     0 | D:1      | jasper the Deep Elf Cinder Acolyte began the quest for the
                  | Orb.
     0 | D:1      | Reached XP level 1. HP: 13/13 MP: 5/5
    12 | D:1      | Noticed an electric eel
   115 | D:1      | Found Rygoarih's Jewellery Boutique.
   288 | D:1      | Reached XP level 2. HP: 18/18 MP: 7/7
   291 | D:1      | Learned a level 2 spell: Scorch
   784 | D:1      | Learned a level 2 spell: Sublimation of Blood
  1436 | D:2      | Reached XP level 3. HP: 22/22 MP: 3/8
  1509 | D:2      | Reached skill level 1 in Dodging
  1767 | D:2      | Noticed Terence
  1773 | D:2      | Killed Terence
  2088 | D:2      | Found a runed translucent door.
  2089 | D:2      | Noticed Crazy Yiuf
  2431 | D:2      | Found a faded altar of an unknown god.
  2431 | D:2      | Found a faded altar of an unknown god.
  2636 | D:2      | Killed Crazy Yiuf
  2637 | D:2      | Reached XP level 4. HP: 12/28 MP: 3/10
  2742 | D:3      | Found Unanunk's Antique Weapon Shoppe.
  2977 | D:3      | Learned a level 3 spell: Gell's Gravitas
  3111 | D:3      | Reached skill level 1 in Necromancy
  3111 | D:3      | Reached XP level 5. HP: 13/32 MP: 1/12
  3206 | D:3      | Found Abbaetu's Armour Boutique.
  3214 | D:3      | Bought a +0 pair of gloves for 49 gold pieces
  3264 | D:3      | Reached skill level 1 in Translocations
  3427 | D:3      | Found an ornate altar of the Wu Jian Council.
  3463 | D:3      | Found Efosewn's Assorted Antiques.
  3522 | D:3      | Bought 2 potions of curing for 132 gold pieces
  3522 | D:3      | Bought a fizzy amethyst potion for 19 gold pieces
  3522 | D:3      | Bought a scroll labelled NEUREXACACK for 22 gold pieces
  3689 | D:3      | Learned a level 3 spell: Teleport Other
  4219 | D:3      | Bought a scroll labelled PUNIJE ERCHY for 22 gold pieces
  4367 | D:4      | Reached skill level 5 in Spellcasting
  4367 | D:4      | Reached XP level 6. HP: 37/37 MP: 2/15
  4653 | D:4      | Noticed Edmund
  4664 | D:4      | Killed Edmund
  4671 | D:4      | Learned a level 3 spell: Mephitic Cloud
  5224 | D:5      | Entered Level 5 of the Dungeon
  5225 | D:5      | Noticed Grinder
  5229 | D:5      | Reached skill level 1 in Conjurations
  5229 | D:5      | Reached skill level 1 in Air Magic
  5229 | D:5      | Reached skill level 1 in Alchemy
  5229 | D:5      | Reached XP level 7. HP: 41/41 MP: 9/18
  5291 | D:5      | Killed Grinder
  5443 | D:5      | Noticed Blork the orc
  5447 | D:5      | Killed Blork the orc
  5667 | D:5      | HP: 2/41 [centaur/arrow (8)]
  5912 | D:5      | Reached XP level 8. HP: 48/48 MP: 10/19
  6060 | D:5      | Found a broken altar of Ashenzari.
  6150 | D:5      | Noticed Ijyb
  6737 | D:6      | Reached skill level 5 in Dodging
  6737 | D:6      | Reached skill level 5 in Translocations
  7106 | D:6      | Reached skill level 5 in Fighting
  7255 | D:6      | Found a shadowy altar of Dithmenos.
  7255 | D:6      | Found a sacrificial altar of Ru.
  7469 | D:6      | Reached XP level 9. HP: 40/54 MP: 4/20
  7581 | D:7      | Found a transporter.
  7581 | D:7      | Found a snail-covered altar of Cheibriados.
  7591 | D:7      | Found a sparkling altar of Nemelex Xobeh.
  7843 | D:7      | Found a radiant altar of Vehumet.
  8108 | D:7      | Noticed a boulder beetle
  8113 | D:7      | Found an ancient bone altar of Kikubaaqudgha.
  8114 | D:7      | Found a burning altar of Makhleb.
  8168 | D:7      | Learned a level 2 spell: Blink
  8174 | D:7      | Found a transporter.
  8371 | D:7      | Found a staircase to the Ecumenical Temple.
  8459 | D:7      | Found an iron altar of Okawaru.
  8534 | D:7      | Found a stormy altar of Qazlal.
  8710 | D:8      | Found a runed translucent gate.
  8710 | D:8      | Found a runed translucent gate.
  8710 | D:8      | Noticed a four-headed hydra
  8710 | D:8      | Noticed avangion's ghost (novice DECj)
  8712 | D:8      | Found a runed translucent gate.
  8880 | D:8      | Found a staircase to the Lair.
  8885 | D:8      | Noticed Amaemon
  8890 | D:8      | Noticed an orange demon
  8893 | D:8      | Killed Amaemon
  8893 | D:8      | Noticed a troll
  8897 | D:8      | Killed an orange demon
  8898 | D:8      | Reached XP level 10. HP: 61/61 MP: 1/21
 10106 | D:8      | Noticed Prince Ribbit
 10112 | D:8      | Killed Prince Ribbit
 10518 | D:8      | Identified the +2 pair of gloves of the Ecumenical Temple
                  | {rElec rN+ Will+}
 11042 | D:9      | Learned a level 1 spell: Apportation
 11136 | D:9      | Noticed Psyche
 11144 | D:9      | Killed Psyche
 11209 | D:9      | Reached skill level 10 in Dodging
 11843 | D:9      | Reached XP level 11. HP: 50/69 MP: 2/22
 12027 | D:10     | Entered Level 10 of the Dungeon
 13026 | D:10     | Learned a level 3 spell: Swiftness
 13254 | D:5      | Killed Ijyb
 13394 | D:1      | Bought a +6 ring of intelligence for 504 gold pieces
 13904 | D:11     | Noticed a boulder beetle
 13916 | D:11     | Killed a boulder beetle
 14316 | D:11     | Found Emaoty's Antique Armour Boutique.
 14335 | D:11     | Reached skill level 10 in Fighting
 14594 | D:11     | Reached skill level 1 in Shields
 14620 | D:11     | Noticed a soul eater
 14624 | D:11     | Noticed a soul eater
 16058 | D:12     | Reached skill level 5 in Shields
 16130 | D:12     | Noticed a two-headed ogre
 16139 | D:12     | Slain by a large slime creature

Illustrated notes

Levels and vault maps discovered:
D:1:      arrival_aquarium_a, layout_basic, serial_shops,
          nicolae_shop_hallway_plus
D:2:      layout_loops_ring, hellmonk_ecumenical_altar_the_god_not_taken,
          kennysheep_generic_room_9, uniq_crazy_yiuf_cottage, uniq_terence
D:3:      minmay_chambers_of_threes, layout_rooms, mainiacjoe_overflow_paths,
          serial_shops, nicolae_square_shop, nicolae_shop_overgrown_old_shop,
          shop, serial_bayou, serial_bayou_pond_c, serial_bayou_lake_a,
          serial_bayou_shore_b, serial_bayou_ford_a, serial_bayou_crossing
D:4:      layout_loops_cross, uniq_edmund
D:5:      layout_basic, ashenzari_altar_1, uniq_blork_the_orc, uniq_grinder,
          uniq_ijyb
D:6:      layout_cave_pools, gammafunk_temple_overflow_statue
D:7:      layout_rooms, mainiacjoe_overflow_alcove_1,
          nicolae_qazlal_scattered_showers, mainiacjoe_overflow_alcove_2,
          marbit_many_paths, gammafunk_temple_overflow_arena,
          lemuel_temple_firewalk_a
D:8:      layout_basic, erik_lair_island, gammafunk_ghost_split, hex_large,
          uniq_prince_ribbit1, uniq_amaemon
D:9:      layout_rooms, nicolae_fort_ynox, uniq_psyche
D:10:     layout_basic
D:11:     layout_gridville, serial_shops, shop_coins
D:12:     layout_layer_cave, orc_0_dummy, uniq_azrael, uniq_frances

Skill      XL: |  1  2  3  4  5  6  7  8  9 10 11 |
---------------+----------------------------------+-----
Spellcasting   | 2 3 5 6 |  6.2
Dodging        | 1 2 3 6 8 10 | 10.0
Fire Magic     | 4 |  4.1
Fighting       | 3 5 6 8 10 | 10.0
Necromancy     | 1 2 |  2.0
Translocations | 2 3 5 7 9 |  9.0
Conjurations   | 1 2 |  2.4
Air Magic      | 1 2 |  2.1
Alchemy        | 1 2 |  2.4
Shields        | 5 |  5.0
Polearms       | |  2.1

Action                     |  1- 3 |  4- 6 |  7- 9 | 10-12 || total
---------------------------+-------+-------+-------+-------++-------
  Melee: Spear             |    21 |    16 |       |       ||    37
         Punch             |       |     2 |       |     1 ||     3
         Quarterstaff      |       |    11 |    25 |    68 ||   104
         Flail             |       |       |       |    44 ||    44
   Cast: Scorch            |    47 |    78 |   110 |   196 ||   431
         Teleport Other    |       |       |     4 |       ||     4
         Mephitic Cloud    |       |       |     8 |     5 ||    13
         Gell's Gravitas   |       |       |    22 |    44 ||    66
         Sublimation of Bl |       |       |       |     8 ||     8
 Invoke: Fiery Armour      |       |     2 |     2 |     7 ||    11
  Evoke: Wand              |       |     2 |    17 |    13 ||    32
    Use: Scroll            |     2 |     6 |       |    15 ||    23
         Potion            |       |     2 |     2 |     2 ||     6
   Stab: Confused          |       |       |     1 |       ||     1
 Armour: Robe              |    12 |    41 |    64 |    14 ||   131
         Troll leather arm |       |       |       |   176 ||   176
  Dodge: Dodged            |    13 |    26 |    52 |   178 ||   269
  Block: Kite shield       |       |       |       |     5 ||     5

Table legend: (Time is in decaauts)
 A = Elapsed time spent in this place.
 B = Non-inter-level travel time spent in this place.
 C = Inter-level travel time spent in this place.
 D = Time resting spent in this place.
 E = Time spent auto-exploring this place.
 F = Levels seen in this place.
 G = Mean time per level.
                   A        B        C        D        E       F      G
               +--------+--------+--------+--------+--------+-----+--------+
         Total |  16239 |  15372 |    867 |   2075 |  11283 |  12 | 1353.2 |
       Dungeon |  16239 |  15372 |    867 |   2075 |  11283 |  12 | 1353.2 |
               +--------+--------+--------+--------+--------+-----+--------+

Top non-repeatable levels by time:
     D:8: 2224 daAuts
     D:3: 1629 daAuts
     D:2: 1558 daAuts
     D:6: 1440 daAuts
     D:1: 1370 daAuts
    D:10: 1356 daAuts
    D:11: 1304 daAuts
     D:9: 1242 daAuts
     D:5: 1214 daAuts
     D:7: 1144 daAuts
     D:4: 984 daAuts
    D:12: 769 daAuts
